 Dungeon Crawl Stone Soup version 0.23.2-1-ga50397a (webtiles) character file.

Game seed: 1287706454111134547

200 Borgoz the Cudgeler (level 5, -1/33 HPs)
             Began as a Gargoyle Monk on May 25, 2019.
             Slain by a hippogriff (3 damage)
             ... on level 4 of the Dungeon.
             The game lasted 00:04:45 (1985 turns).

Borgoz the Cudgeler (Gargoyle Monk)                 Turns: 1985, Time: 00:04:47

Health: -1/33      AC: 11    Str: 15    XL:     5   Next: 78%
Magic:  5/5        EV: 10    Int: 15    God:
Gold:   114        SH:  0    Dex: 12    Spells: 4/4 levels left

rFire    . . .     SeeInvis .   a - +0 mace
rCold    + . .     Gourm    .   (no shield)
rNeg     + . .     Faith    .   o - +0 scale mail
rPois    ∞         Spirit   .   (no helmet)
rElec    +         Reflect  .   (no cloak)
rCorr    .         Harm     .   b - +0 pair of gloves
MR       .....                  (no boots)
Stlth    +.........             k - amulet of regeneration
HPRegen  0.51/turn              i - ring of protection from cold
MPRegen  0.09/turn              n - +4 ring of intelligence

@: very slightly contaminated
A: negative energy resistance 1, electricity resistance, unbreathing,
petrification resistance, rot immunity, AC +4
a: no special abilities


You were on level 4 of the Dungeon.
You were not hungry.

You visited 1 branch of the dungeon, and saw 4 of its levels.

You collected 114 gold pieces.

Inventory:

Hand Weapons
 a - a +0 mace (weapon)
Armour
 b - a +0 pair of gloves (worn)
 o - a +0 scale mail (worn)
Jewellery
 i - a ring of protection from cold (left hand)
 k - an amulet of regeneration (around neck)
 n - a +4 ring of intelligence (right hand)
 q - an uncursed amulet of magic regeneration
Scrolls
 d - a scroll of magic mapping {unknown}
 f - a scroll of teleportation {unknown}
 g - a scroll of remove curse {unknown}
 h - 2 scrolls of identify {unknown}
 j - a scroll of enchant armour {unknown}
 r - a scroll of fog {unknown}
 t - a scroll of enchant weapon {unknown}
 u - a scroll of amnesia {unknown}
Comestibles
 c - 11 rations
 m - 2 chunks of flesh


   Skills:
 + Level 4.1 Fighting
 * Level 4.2 Maces & Flails
 + Level 2.3 Armour
 * Level 3.5 Dodging
 - Level 2.1 Stealth


You had 4 spell levels left.
You didn't know any spells.
Your spell library contained the following spells:

 Spells                   Type           Power        Failure   Level  Hunger
 Magic Dart               Conj           #...         71%         1    ##.....
 Blink                    Tloc           N/A          83%         2    ###....
 Call Imp                 Summ           #.......     83%         2    ###....
 Slow                     Hex            #.......     83%         2    ###....
 Conjure Flame            Conj/Fire      #.......     97%         3    ####...
 Mephitic Cloud           Conj/Pois/Air  #.......     97%         3    ####...


Dungeon Overview and Level Annotations

Branches:
Dungeon (4/15)
 Temple: D:4-7

Altars:
Cheibriados
Kikubaaqudgha
Okawaru
Sif Muna
Trog
Xom

Shops:
D:4 =

Annotations:
D:3 Blork the orc
D:4 Natasha


Innate Abilities, Weirdness & Mutations

You are resistant to torment.
Your stone body is resilient. (AC +4)
You are immune to poison.
You resist negative energy. (rN+)
You are resistant to electric shocks. (rElec)
You can survive without breathing.
You are immune to petrification.
You are immune to rotting.


Message History

Natasha extends her claws.
You flicker for a moment.
The crimson imp disappears in a puff of smoke!
A gnoll comes into view.
The gnoll shouts!
There is a stone staircase leading up here.
You hit the hippogriff.
The hippogriff is heavily wounded.
You flicker back into view.
The gnoll shouts!
The hippogriff bites you but does no damage.
The hippogriff pecks you but does no damage.
The hippogriff claws you. The hippogriff bites you.
* * * LOW HITPOINT WARNING * * *
The hippogriff pecks you.
* * * LOW HITPOINT WARNING * * *
The hippogriff claws you but does no damage.
The gnoll barely misses you. The hippogriff closely misses you.
The hippogriff pecks you.
You die...

## .. ..# #. #.#
#. #.# #. #.#
#g#########.#
#.@Hh....##.#
########.##.#
######.##.#
#.......<..######.
#.#####...........
#########.#. #.#
#.# ...


You could see a hippogriff, Natasha and a gnoll.

Vanquished Creatures
  2 worker ants (D:4)
  A gnoll (D:3)
  7 adders
  An ooze (D:1)
  A worm (D:2)
  2 dart slugs (D:1)
  A leopard gecko (D:1)
  8 orcs (D:3)
  A ball python (D:3)
  3 giant cockroaches
  8 goblins
  6 hobgoblins
  3 jackals (D:3)
  6 kobolds
  4 bats
  A frilled lizard (D:3)
  4 rats
59 creatures vanquished.

Notes
Turn   | Place    | Note
-------+----------+-------------------------------------------
     0 | D:1      | Borgoz the Gargoyle Monk began the quest for the Orb.
     0 | D:1      | Reached XP level 1. HP: 14/14 MP: 1/1
    92 | D:1      | Reached XP level 2. HP: 14/19 MP: 2/2
   605 | D:1      | Reached skill level 1 in Armour
   795 | D:2      | Reached XP level 3. HP: 23/23 MP: 3/3
  1114 | D:3      | Reached XP level 4. HP: 25/29 MP: 4/4
  1198 | D:3      | You fall through a shaft!
  1251 | D:4      | Found Tiesilag's Jewellery Shop.
  1338 | D:3      | Reached XP level 5. HP: 26/33 MP: 5/5
  1387 | D:3      | Found an iron altar of Okawaru.
  1497 | D:3      | Found a snail-covered altar of Cheibriados.
  1703 | D:3      | Found a faded altar of an unknown god.
  1703 | D:3      | Found a faded altar of an unknown god.
  1710 | D:3      | Found a bloodstained altar of Trog.
  1712 | D:3      | Found a shimmering altar of Xom.
  1714 | D:3      | Found an ancient bone altar of Kikubaaqudgha.
  1766 | D:3      | Noticed Blork the orc
  1773 | D:3      | Found a deep blue altar of Sif Muna.
  1942 | D:4      | Noticed a hippogriff
  1945 | D:4      | Noticed Natasha
  1985 | D:4      | Slain by a hippogriff

Skill      XL: |  1  2  3  4  5 |
---------------+----------------+-----
Armour         | 1 2 |  2.3
Dodging        | 3 |  3.5
Fighting       | 4 |  4.1
Maces & Flails | 4 |  4.2
Stealth        | |  2.1

Action                   |  1- 3 |  4- 6 || total
-------------------------+-------+-------++-------
Melee: Mace              |    92 |   205 ||   297
  Use: Potion            |       |     4 ||     4
 Stab: Sleeping          |     1 |       ||     1
       Invisible         |       |     1 ||     1
  Eat: Chunk             |     1 |     3 ||     4
Armor: Robe              |    10 |       ||    10
       Ring mail         |    10 |       ||    10
       Scale mail        |    32 |   155 ||   187
Dodge: Dodged            |    56 |   146 ||   202
